AoeStats
← ITZ | AutocavS

Arabia

508528480Analyzed
1v1 RM · 11d ago on Sep 22, 2026· 37m 1s· 2 players
Game mode
Random Map
Map size
Tiny (2 player)
Population
200
Speed
Normal
Resources
Standard
Victory
Conquest
Starting age
Dark Age
Ending age
Imperial Age
RankedLock teamsTeams togetherTeam positionsShared explorationLock speedFull tech treeHidden civsTurbo modeCheats
Victory
Defeat
🇦🇷 Magyars · Argentina
1441
+14
🇪🇸 Random · Spain
1391
-14
TdB.Ket
10:42 Loom
12:29 Feudal Age
17:24 Castle Age
16:34 Bloodlines
17:14 Scale Barding Armor
18:02 Horse Collar
18:59 Double-Bit Axe
23:02 Forging
28:14 Scale Mail Armor
28:09 Pikeman
28:59 Heavy Plow
30:11 Chain Mail Armor
34:16 Iron Casting
35:33 Gambesons
ITZ | AutocavS
5:06 Loom
8:48 Feudal Age
11:37 Double-Bit Axe
13:55 Horse Collar
21:08 Castle Age
19:03 Gold Mining
19:48 Bloodlines
19:56 Scale Barding Armor
33:28 Fletching
33:38 Padded Archer Armor
36:04 Wheelbarrow
38:08 Imperial Age
36:24 Husbandry
37:53 Gold Shaft Mining
Connection lost

Rejoining the realm…

Still unreachable

The connection could not be restored.

Session expired

The server has moved on; the page needs a fresh start.